 Dungeon Crawl Stone Soup version 0.30.1 (webtiles) character file.

Game seed: 15482515845474173001

1451 safid the Frost Mage (level 8, 0/65 HPs)
             Began as a Merfolk Ice Elementalist on July 12, 2023.
             Was an Initiate of Vehumet.
             Slain by a gnoll
             ... wielding a +0 flail
             ... led by a gnoll sergeant
              (9 damage)
             ... on level 7 of the Dungeon.
             The game lasted 00:09:59 (6174 turns).

safid the Frost Mage (Merfolk Ice Elementalist)     Turns: 6174, Time: 00:10:00

Health: 0/65       AC:  3    Str:  9    XL:     8   Next: 75%
Magic:  10/16      EV: 12    Int: 16    God:    Vehumet [......]
Gold:   273        SH:  0    Dex: 14    Spells: 11/18 levels left

rFire   . . .        o - +2 quarterstaff (speed)
rCold   . . .        (shield currently unavailable)
rNeg    . . .        a - +0 robe
rPois   .            j - +0 helmet
rElec   .            (no cloak)
rCorr   .            (no gloves)
SInv    +            (no boots)
Will    +....        (no amulet)
Stlth   ++           g - ring of see invisible
HPRegen 0.30/turn    c - ring of willpower
MPRegen 0.15/turn

%: no passive effects
@: very slightly contaminated
A: (nimble swimmer 2), mertail
a: Renounce Religion


You were on level 7 of the Dungeon.
You worshipped Vehumet.
Vehumet was noncommittal.
You visited 2 branches of the dungeon, and saw 8 of its levels.

You collected 273 gold pieces.

Inventory:

Hand Weapons
 o - a +2 quarterstaff of speed (weapon)
Missiles
 z - a curare-tipped dart
Armour
 a - a +0 robe (worn)
 j - a +0 helmet (worn)
Jewellery
 c - a ring of willpower (right hand)
 g - a ring of see invisible (left hand)
 v - a +4 ring of slaying
Wands
 w - a wand of iceblast (13)
 y - a wand of quicksilver (8)
 B - a wand of charming (12)
Scrolls
 d - a scroll of amnesia {unknown}
 f - 4 scrolls of identify {unknown}
 h - a scroll of magic mapping {unknown}
 i - 6 scrolls of teleportation {unknown}
 m - a scroll of fear {unknown}
 n - a scroll of torment {unknown}
 q - a scroll of fog {unknown}
 r - a scroll of vulnerability {unknown}
 t - a scroll of poison {unknown}
 u - a scroll of immolation
 A - a scroll of noise {unknown}
 D - a scroll of blinking {unknown}
Potions
 b - a potion of magic
 e - 2 potions of might {unknown}
 k - 2 potions of degeneration {unknown}
 l - 3 potions of curing {unknown}
 p - 2 potions of flight {unknown}
 s - a potion of haste {unknown}
 x - a potion of lignification {unknown}


   Skills:
 + Level 6.4 Fighting
 - Level 2.6 Dodging
 - Level 2.1 Stealth
 + Level 5.9 Spellcasting
 + Level 8.0 Ice Magic


You had 11 spell levels left.
You knew the following spells:

 Your Spells              Type           Power      Damage    Failure   Level
a - Freeze                Ice            100%       1d10      1%          1
b - Frozen Ramparts       Ice            60%        1d10      1%          3
c - Ozocubu's Armour      Ice            30%        N/A       1%          3

Your spell library contained the following spells:

 Spells                   Type           Power      Damage    Failure   Level
 Necrotise                Necr           16%        1d4       14%         1
 Summon Ice Beast         Ice/Summ       17%        N/A       26%         4
 Vampiric Draining        Necr           4%         2d6       38%         3
 Summon Lightning Spire   Summ/Air       4%         N/A       80%         4
 Agony                    Necr           4%         N/A       98%         5
 Storm Form               Tmut/Air       2%         N/A       100%        7
 Maxwell's Capacitive Co  Air            2%         ∞         100%        8


Dungeon Overview and Level Annotations

Branches:
Dungeon (7/15)             Temple (1/1) D:5

Altars:
Ashenzari
Dithmenos
Elyvilon
Fedhas
Gozag
Hepliaklqana
Kikubaaqudgha
Makhleb
Nemelex Xobeh
Ru
Trog
Uskayaw
Vehumet
Wu Jian
Xom
Yredelemnul
Zin

Shops:
D:5 [

Annotations:
D:5 1 runed translucent door, FallenXxXSky's ghost, amateur DrWn


Innate Abilities, Weirdness & Mutations

((You are very nimble when in or above water. (Stealth+, EV+, Speed+++)))
Your lower body shifts to a powerful aquatic tail in water.


Message History

The wall freezes the gnoll.
The gnoll hits you from afar with a +0 halberd!
The wall freezes the gnoll sergeant but does no damage.
The gnoll sergeant misses you.
The wall freezes the gnoll.
You kill the gnoll!
Vehumet accepts your kill.
Your Ice Magic skill increases to level 8!
The wall freezes the gnoll.
The gnoll barely misses you.
The wall freezes the gnoll sergeant.
The gnoll sergeant hits you from afar with a +0 trident of protection.
The wall freezes the gnoll.
Unknown command.
You barely miss the gnoll.
The gnoll is lightly wounded.
The wall freezes the gnoll sergeant but does no damage.
The gnoll sergeant hits you from afar with a +0 trident of protection!
The wall freezes the gnoll!
You kill the gnoll!
Vehumet accepts your kill.
The wall freezes the gnoll.
The gnoll hits you with a +0 flail!
* * * LOW HITPOINT WARNING * * *
You are too injured to fight recklessly!
Unknown command.
Casting: Ozocubu's Armour (safe; 1% risk of failure)
Confirm with . or Enter, or press ? or * to list all spells.
Aiming: Freeze (safe; 1% risk of failure)
Press: ? - help, Shift-Dir - straight line, f - gnoll
Aim: a gnoll, wielding a +0 flail (moderately wounded)
You miscast Freeze.
Nothing appears to happen.
The wall freezes the gnoll sergeant.
The gnoll sergeant closely misses you.
The wall freezes the gnoll!
The gnoll barely misses you.
The wall freezes the gnoll.
The gnoll closely misses you.
You closely miss the gnoll.
The gnoll is severely wounded.
The frozen ramparts melt away.
The gnoll hits you from afar with a +0 spear!
* * * LOW HITPOINT WARNING * * *
The gnoll sergeant hits you but does no damage.
The gnoll hits you with a +0 flail!
You die... ..## ...+ ........# ...# .......# ######+##+##......# ........#..+ .....# ........+..# ....# ........#..# g)g

........#..#####g#
####........#..)@#
#........#....#
#####...##....#
##..##....#
#.........#
#.........#
##'###....#
#....#....#
#....#...[#


You could see a gnoll sergeant and 2 gnolls.

Vanquished Creatures
  3 water moccasins (D:6)
  A sky beast (D:7)
  2 ice beasts (D:6)
  An ogre (D:5)
  A centaur (D:6)
  A phantom (D:5)
  A kobold brigand (D:6)
  A scorpion (D:6)
  A hound (D:5)
  A jelly (D:6)
  A gnoll bouda (D:5)
  An iguana (D:6)
  A sleepcap (D:6)
  3 orc wizards
  12 gnolls
  7 adders
  2 shadow imps
  A worm (D:2)
  6 dart slugs
  8 orcs
  4 endoplasms
  2 giant cockroaches
  12 goblins
  6 hobgoblins
  A jackal (D:2)
  2 quokkas
  5 ball pythons
  4 bats
  2 frilled lizards (D:1)
  8 kobolds
  9 rats
110 creatures vanquished.

Notes
Turn   | Place    | Note
-------+----------+-------------------------------------------
     0 | D:1      | safid the Merfolk Ice Elementalist began the quest for the
                  | Orb.
     0 | D:1      | Reached XP level 1. HP: 13/13 MP: 3/3
   145 | D:1      | Reached XP level 2. HP: 20/20 MP: 0/5
   237 | D:1      | Reached skill level 1 in Fighting
   578 | D:1      | Reached XP level 3. HP: 26/26 MP: 4/6
  1207 | D:2      | Reached skill level 5 in Ice Magic
  1207 | D:2      | Reached XP level 4. HP: 30/33 MP: 5/8
  2121 | D:3      | Reached XP level 5. HP: 32/39 MP: 5/9
  2561 | D:3      | Learned a level 3 spell: Frozen Ramparts
  2565 | D:3      | Learned a level 3 spell: Ozocubu's Armour
  3183 | D:4      | You fall into a shaft and drop 2 floors!
  3189 | D:5      | Entered Level 5 of the Dungeon
  3358 | D:4      | Found a white marble altar of Elyvilon.
  3567 | D:5      | Found Vietelat's Antique Armour Shop.
  3585 | D:5      | Found a staircase to the Ecumenical Temple.
  3601 | Temple   | Entered the Ecumenical Temple
  3606 | Temple   | Became a worshipper of Vehumet
  3640 | D:5      | Reached XP level 6. HP: 28/47 MP: 3/11
  4060 | D:5      | Reached skill level 6 in Ice Magic
  4510 | D:5      | Reached XP level 7. HP: 49/54 MP: 6/13
  4607 | D:5      | Found a runed translucent door.
  4612 | D:5      | Noticed FallenXxXSky's ghost (amateur DrWn)
  4859 | D:6      | Reached skill level 5 in Fighting
  4944 | D:6      | Found a shadowy altar of Dithmenos.
  4971 | D:6      | Reached skill level 5 in Spellcasting
  4971 | D:6      | Reached skill level 7 in Ice Magic
  5097 | D:6      | Reached XP level 8. HP: 61/63 MP: 8/15
  6171 | D:7      | Reached skill level 8 in Ice Magic
  6174 | D:7      | Slain by a gnoll

Illustrated notes

Levels and vault maps discovered:
D:1:      minmay_arrival_solitary_statue, layout_loops_ring,
          roderic_roman_lattice
D:2:      minmay_alternating_diamond, layout_basic, minivault_11,
          minmay_pentomino_pile
D:3:      layout_rooms, hangedman_abyss_or_decor_stabs
D:4:      layout_loops_ring, mainiacjoe_overflow_chevrons, hex_large
D:5:      layout_gridville, minmay_temple_entry_mini_moons,
          ebering_ghost_inner_flame, serial_shops,
          nicolae_shop_overgrown_old_shop
D:6:      nicolae_cairo_tiling_large_dashed, layout_loops_cross,
          mainiacjoe_overflow_24_doors
D:7:      layout_gridville, okawaru_gym_becter, slow_altar_1, uniq_menkaure,
          uniq_prince_ribbit1, uniq_joseph, uniq_crazy_yiuf_cottage
Temple:   minmay_freezing_vapour_temple

Skill      XL: |  1  2  3  4  5  6  7  8 |
---------------+-------------------------+-----
Fighting       | 1 2 3 4 5 6 |  6.4
Ice Magic      | 5 6 7 8 |  8.0
Spellcasting   | 3 4 5 |  5.9
Dodging        | |  2.6
Stealth        | |  2.1

Action                     |  1- 3 |  4- 6 |  7- 9 || total
---------------------------+-------+-------+-------++-------
  Melee: Unarmed           |     6 |       |       ||     6
         Dagger            |    15 |    19 |       ||    34
         Quarterstaff      |       |    62 |    74 ||   136
   Cast: Freeze            |    43 |    49 |     9 ||   101
         Frozen Ramparts   |       |     6 |    11 ||    17
         Ozocubu's Armour  |       |     8 |    12 ||    20
   Stab: Sleeping          |       |     4 |       ||     4
 Armour: Robe              |     6 |    27 |    38 ||    71
  Dodge: Dodged            |    35 |    63 |    63 ||   161
